 Dungeon Crawl Stone Soup version 0.31-a0-868-g674d60d6f7 (webtiles) character file.

Game seed: 16172523974692310702

415 tatocazan the Shooter (level 7, -1/55 HPs)
             Began as a Formicid Hunter on Oct 11, 2023.
             Slain by a wyvern (9 damage)
             ... on level 4 of the Dungeon.
             The game lasted 00:05:45 (2778 turns).

tatocazan the Shooter (Formicid Hunter)             Turns: 2778, Time: 00:05:46

Health: -1/55      AC:  8    Str: 30    XL:     7   Next: 15%
Magic:  7/7        EV: 12    Int:  8    God:
Gold:   71         SH:  0    Dex: 17    Spells: 6/6 levels left

rFire   . . .        a - +0 shortbow
rCold   . . .        (no shield)
rNeg    . . .        j - +3 ring mail
rPois   .            (helmet unavailable)
rElec   .            (no cloak)
rCorr   .            (no gloves)
SInv    +            (no boots)
Will    .....        (no amulet)
Stlth   ++           f - +6 ring of strength
HPRegen 0.29/turn    w - +6 ring of strength
MPRegen 0.10/turn

%: no passive effects
@: no status effects
A: permanent stasis, dig shafts and tunnels, antennae 3, four strong arms
a: Dig, Shaft Self


You were on level 4 of the Dungeon.
You visited 1 branch of the dungeon, and saw 4 of its levels.

You collected 71 gold pieces.

Inventory:

Hand Weapons
 a - a +0 shortbow (weapon)
 l - a +0 rapier
 p - a +1 hammer of draining
Armour
 c - a +0 leather armour
 j - a +3 ring mail (worn)
Jewellery
 f - a +6 ring of strength (left hand)
 t - a ring of wizardry
 w - a +6 ring of strength (right hand)
Talismans
 s - a serpent talisman
Wands
 q - a wand of paralysis (8)
Scrolls
 b - a scroll of butterflies
 d - a scroll of vulnerability {unknown}
 e - 4 scrolls of identify {unknown}
 g - 2 scrolls of enchant weapon {unknown}
 i - 2 scrolls of silence {unknown}
 k - a scroll of fear {unknown}
 n - a scroll of blinking {unknown}
 r - a scroll of teleportation {unknown}
 v - a scroll of fog {unknown}
Potions
 h - a potion of heal wounds {unknown}
 m - a potion of enlightenment {unknown}
 o - 2 potions of degeneration {unknown}
 u - a potion of ambrosia {unknown}


   Skills:
 * Level 4.8 Fighting
 + Level 4.9 Ranged Weapons
 + Level 2.7 Armour
 + Level 3.0 Dodging
 + Level 3.6 Stealth


You had 6 spell levels left.
You didn't know any spells.
Your spell library contained the following spells:

 Spells                   Type           Power      Damage    Failure   Level
 Necrotise                Necr           0%         1d4       52%         1
 Cigotuvi's Dreadful Rot  Necr/Pois/Air  0%         N/A       67%         2
 Ignite Poison            Fire/Tmut/Pois 0%         N/A       88%         3
 Vampiric Draining        Necr           0%         2d6       88%         3
 Agony                    Necr           0%         N/A       100%        5
 Freezing Cloud           Conj/Ice/Air   0%         6-21      100%        5


Dungeon Overview and Level Annotations

Branches:
Dungeon (4/15)
 Temple: D:4-7

Altars:
Elyvilon

Shops:
D:2 [

Annotations:
D:3 1 runed translucent door, Crazy Yiuf


Innate Abilities, Weirdness & Mutations

You cannot be hasted, slowed, berserked, paralysed or teleported.
You can dig through walls and to a lower floor.
You have a pair of large antennae on your head. (SInv)
Your four strong arms can wield two-handed weapons with a shield.


Message History

No target in view!
No target in view!
No target in view!
No target in view!
No target in view!
u - a pink potion
v - a scroll labelled LOONIZ RIUCE
w - a +6 ring of strength
Found a stone staircase leading up.
You feel stronger.
w - a +6 ring of strength (right hand)
Found a stone staircase leading down.
There is a stone staircase leading up here.
Found 3 stones.
e - 4 scrolls labelled VOAHIEZUOD (gained 1)
Found a white marble altar of Elyvilon.
You sense a monster nearby.
A wyvern comes into view.
Found a shortbow.
A wyvern is nearby!
A wyvern is nearby!
A wyvern is nearby!
You shoot an arrow. The arrow barely misses the wyvern.
You shoot an arrow. The arrow barely misses the wyvern.
You shoot an arrow. The arrow closely misses the wyvern.
The wyvern bites you.
You take 2 damage, and have 53/55 hp.
You shoot an arrow. The arrow hits the wyvern.
The wyvern is moderately wounded.
The wyvern bites you! The wyvern closely misses you.
You take 13 damage, and have 40/55 hp.
MASSIVE DAMAGE!!
You shoot an arrow. The arrow hits the wyvern.
The wyvern is moderately wounded.
The wyvern bites you! x2
You take 17 damage, and have 23/55 hp.
MASSIVE DAMAGE!!
The wyvern barely misses you. The wyvern bites you!
* * * LOW HITPOINT WARNING * * *
You begin to dig a shaft.
You continue digging a shaft.
The wyvern hisses menacingly.
The wyvern bites you!
You die...

..###..### ##.##.# ..#
....######<##.######
.####...................###
..).÷...........>######...#
###.#....######.## ###.#
....# ..# #.# #.# .#### #
#.#########.## .#
#............# ##
#.@♣♣♣♣♣♣♣♣♣.# #
#l♣..≈≈§§≈..♣# #
#.♣.≈.§§§.≈.♣ #
..♣.≈.§≈≈.≈.♣ #######
##)♣.≈≈..§§≈.♣ ......#
..♣.§≈._§≈≈.♣ ......#
..♣.≈≈..§§≈.♣ ......#
..♣.§.≈§§§≈.♣ ......#
♣.§§....≈.♣


You could see a wyvern.

Vanquished Creatures
  Sigmund (D:3)
  A phantom (D:4)
  2 hounds
  Jessica (D:3)
  3 adders
  5 orcs
  8 endoplasms
  A giant cockroach (D:4)
  5 goblins
  9 hobgoblins
  2 quokkas (D:3)
  3 ball pythons
  6 bats
  2 frilled lizards
  3 kobolds
  4 rats
56 creatures vanquished.

Notes
Turn   | Place    | Note
-------+----------+-------------------------------------------
     0 | D:1      | tatocazan the Formicid Hunter began the quest for the Orb.
     0 | D:1      | Reached XP level 1. HP: 16/16 MP: 1/1
   455 | D:1      | Reached XP level 2. HP: 23/23 MP: 2/2
   486 | D:1      | Found a faded altar of an unknown god.
   746 | D:1      | Reached XP level 3. HP: 25/28 MP: 3/3
   872 | D:1      | Reached skill level 1 in Armour
   872 | D:1      | Reached XP level 4. HP: 34/35 MP: 4/4
   956 | D:2      | Found Syxalus's Antique Armour Emporium.
  1596 | D:3      | Noticed Sigmund
  1616 | D:3      | Killed Sigmund
  1617 | D:3      | Reached XP level 5. HP: 35/42 MP: 5/5
  1617 | D:3      | Reached XP level 6. HP: 40/48 MP: 6/6
  1691 | D:3      | Found a runed translucent door.
  1692 | D:3      | Noticed Crazy Yiuf
  1897 | D:3      | Noticed Jessica
  1907 | D:3      | Killed Jessica
  2345 | D:4      | Reached XP level 7. HP: 49/55 MP: 7/7
  2760 | D:4      | Found a white marble altar of Elyvilon.
  2771 | D:4      | Noticed a wyvern
  2778 | D:4      | Slain by a wyvern

Illustrated notes

Levels and vault maps discovered:
D:1:      roderic_octagonal_star, layout_rooms, basic_ecumenical_altar
D:2:      layout_rooms, serial_shops, nicolae_shop_crystal
D:3:      layout_loops_ring, uniq_crazy_yiuf_cottage, uniq_jessica, uniq_sigmund
D:4:      layout_rooms, kennysheep_mini, mainiacjoe_overflow_paths, uniq_natasha

Skill      XL: |  1  2  3  4  5  6 |
---------------+-------------------+-----
Dodging        | 2 3 |  3.0
Fighting       | 3 4 |  4.8
Armour         | 1 2 |  2.7
Stealth        | 2 3 |  3.6
Ranged Weapons | |  4.9

Action                     |  1- 3 |  4- 6 |  7- 9 || total
---------------------------+-------+-------+-------++-------
   Fire: Shortbow          |    39 |   130 |    35 ||   204
Ability: Dig               |     4 |       |       ||     4
         Shaft Self        |       |       |     1 ||     1
 Armour: Leather armour    |     7 |       |       ||     7
         Ring mail         |    27 |    37 |    33 ||    97
  Dodge: Dodged            |    36 |    45 |    32 ||   113

Table legend: (Time is in decaauts)
 A = Elapsed time spent in this place.
 B = Non-inter-level travel time spent in this place.
 C = Inter-level travel time spent in this place.
 D = Time resting spent in this place.
 E = Time spent auto-exploring this place.
 F = Levels seen in this place.
 G = Mean time per level.
                   A        B        C        D        E       F      G
               +--------+--------+--------+--------+--------+-----+--------+
         Total |   2827 |   2782 |     45 |    898 |   1422 |   4 |  706.8 |
       Dungeon |   2827 |   2782 |     45 |    898 |   1422 |   4 |  706.8 |
               +--------+--------+--------+--------+--------+-----+--------+

Top non-repeatable levels by time:
     D:1: 881 daAuts
     D:3: 784 daAuts
     D:2: 678 daAuts
     D:4: 482 daAuts
